 Dungeon Crawl Stone Soup version 0.31.0-10-gcf4a605ca0 (webtiles) character file.

Game seed: 3617673153796068908

817 sanka the Grappler (level 7, 0/67 HPs)
             Began as a Troll Shapeshifter on Jan 25, 2024.
             Was a Follower of the Shining One.
             Slain by an orc
             ... wielding a +0 trident of venom
              (8 damage)
             ... on level 5 of the Dungeon.
             The game lasted 00:04:14 (3220 turns).

sanka the Grappler (Troll Shapeshifter)             Turns: 3220, Time: 00:04:15

Health: 0/67       AC:  6    Str: 23    XL:     7   Next: 62%
Magic:  6/6        EV:  9    Int:  6    God:    the Shining One [*.....]
Gold:   292        SH:  0    Dex: 11    Spells: 6/6 levels left

rFire   . .          .
                       - Unarmed
rCold   . . .        u - orb {light}
rNeg    + . .        q - +1 robe of Surprise {rN+}
rPois   .            (helmet restricted)
rElec   .            f - +0 cloak
rCorr   .            (gloves unavailable)
SInv    .            (boots unavailable)
Will    .....        (no amulet)
Stlth   +            (no ring)
HPRegen 1.11/turn    (no ring)
MPRegen 0.10/turn

%: no passive effects
@: confused, lethally poisoned (0 -> -15), glowing
A: large, unfitting armour, claws 3, regeneration 1, shaggy fur 1, tough skin 1
a: Renounce Religion, Divine Shield


You were on level 5 of the Dungeon.
You worshipped the Shining One.
The Shining One was aware of your devotion.
You visited 1 branch of the dungeon, and saw 5 of its levels.

You collected 292 gold pieces.


Innate Abilities, Weirdness & Mutations

You are too large for most types of armour.
You have claws for hands.
Your natural rate of healing is unusually fast.
You are covered in fur. (AC +1)
You have tough skin. (AC +1)


   Skills:
 - Level 3.0 Fighting
 - Level 1.5 Dodging
 + Level 8.4 Unarmed Combat
 - Level 3.0 Shapeshifting


You had 6 spell levels left.
You didn't know any spells.
Your spell library contained the following spells:

 Spells                   Type           Power      Damage    Failure   Level
 Sandblast                Erth           0%         2d4       45%         1
 Hailstorm                Conj/Ice       0%         3d5       83%         3
 Passwall                 Erth           0%         N/A       83%         3
 Stone Arrow              Conj/Erth      0%         3d7       83%         3
 Summon Ice Beast         Ice/Summ       0%         N/A       83%         3
 Animate Dead             Necr           0%         N/A       99%         4
 Brom's Barrelling Bould  Conj/Erth      0%         2d3       99%         4
 Sculpt Simulacrum        Ice/Alch       0%         N/A       100%        6
 Haunt                    Necr/Summ      0%         N/A       100%        7
 Infestation              Necr           0%         N/A       100%        8

Inventory:

Hand Weapons
 v - a +1 dire flail of holy wrath
 x - a +1 heavy morningstar
Armour
 f - a +0 cloak (worn)
 q - the +1 robe of Surprise (worn) {rN+} rN+: It protects you from negative energy.
 u - an orb of light (worn)
 A - a +0 hat
Talismans
 c - a beast talisman
 d - a flux talisman
Scrolls
 a - a scroll of noise {unknown}
 e - 4 scrolls of identify {unknown}
 g - a scroll of brand weapon {unknown}
 h - a scroll of enchant armour {unknown}
 k - 4 scrolls of blinking {unknown}
 l - 2 scrolls of teleportation {unknown}
 n - a scroll of fog {unknown}
 r - a scroll of silence {unknown}
 w - 5 scrolls of fear {unknown}
 y - a scroll of revelation {unknown}
 B - a scroll of amnesia {unknown}
Potions
 b - 2 potions of lignification {!q}
 i - a potion of degeneration {unknown}
 j - 4 potions of attraction {unknown}
 m - a potion of ambrosia {unknown}
 o - a potion of haste {unknown}
 p - 3 potions of curing {unknown}
 s - a potion of magic {unknown}
 t - a potion of mutation {unknown}
 z - 2 potions of heal wounds {unknown}

Dungeon Overview and Level Annotations

Branches:
Dungeon (5/15)             Temple (0/1) D:4

Altars:
Ashenzari
Fedhas
Makhleb
Trog
The Shining One

Shops:
D:1

: ▒▒..)▒ ▒ ▒▒.....▒▒▒▒..▒...
▒.▒.▒▒▒▒ ▒(..▒.▒ ▒.▒▒...
▒.▒....▒▒▒......▒..▒ ▒.▒..▒.
▒.▒▒▒▒..▒▒▒▒▒..▒▒▒.▒▒▒.▒.▒..
.........▒ ▒...(......▒.▒.▒
.........▒ ▒............▒.▒
.........▒ ................
.........▒▒▒▒................
............To...............
.........▒▒▒▒oo..............
.........▒ ................
........▒ ▒...............
........▒ ...............
........▒ .........▒▒▒▒▒▒
▒▒▒▒▒▒▒▒▒ ..... )....


You could see an orc wizard and 2 orcs.


Message History

You kill the orc!
You feel very sick.
The orc hits you from afar with a +0 trident of venom.
You are more poisoned.
Found a dagger.
You feel extremely sick.
The orc wizard points at you and mumbles some strange words.
The puff of flame hits you!
* * * LOW HITPOINT WARNING * * *
The orc hits you but does no damage.
You are lethally poisoned!
Things that are here:
a +0 flail; a +0 short sword; an orc corpse You claw the orc wizard!
The orc wizard is almost dead.
* * * LOW HITPOINT WARNING * * *
You feel extremely sick. The orc wizard casts a spell at you.
You are confused.
The orc hits you with a +0 trident of venom.
* * * LOW HITPOINT WARNING * * *
You are too confused!
You are too confused!
Unknown command.
You bump into the rock wall.
* * * LOW HITPOINT WARNING * * *
You feel extremely sick.
The orc wizard hits you but does no damage.
The orc hits you with a +0 trident of venom!
You die...

Action                     |  1- 3 |  4- 6 |  7- 9 || total
---------------------------+-------+-------+-------++-------
  Melee: Unarmed           |    66 |   101 |    40 ||   207
 Armour: Animal skin       |    11 |       |       ||    11
         Robe              |    28 |    66 |    27 ||   121
  Dodge: Dodged            |    28 |    37 |    21 ||    86
         Form:             |     1 |       |       ||     1
         Beast             |     1 |       |       ||     1

Levels and vault maps discovered:
D:1:      lordsloth_arrival_two_stooges, layout_rooms, nicolae_shop_vocational
D:2:      layout_loops_corners, minmay_ruptured
D:3:      cheibrodos_old_hovel, layout_basic, mainiacjoe_overflow_alcove_4,
          jmf_multi_god_temple2, shapermc_ecumenical_altar_pompeii
D:4:      layout_basic, fedhas_altar_3, minmay_temple_entry_arrows, uniq_edmund
D:5:      layout_rooms, nicolae_kite_square_tiling_tiny

Notes
Turn   | Place    | Note
-------+----------+-------------------------------------------
     0 | D:1      | sanka the Troll Shapeshifter began the quest for the Orb.
     0 | D:1      | Reached XP level 1. HP: 18/18 MP: 0/0
    44 | D:1      | Reached skill level 1 in Fighting
   122 | D:1      | Reached XP level 2. HP: 27/27 MP: 1/1
   334 | D:1      | Found Fisy Domu's Vocational Training.
   624 | D:2      | Reached XP level 3. HP: 35/35 MP: 2/2
   727 | D:2      | Identified the +1 robe of Surprise {rN+}
   841 | D:2      | Reached skill level 2 in Fighting
   962 | D:2      | Reached skill level 4 in Unarmed Combat
  1242 | D:3      | Reached XP level 4. HP: 27/44 MP: 3/3
  1252 | D:3      | Reached XP level 5. HP: 18/52 MP: 4/4
  1574 | D:3      | Found a burning altar of Makhleb.
  1745 | D:3      | Reached skill level 3 in Fighting
  1791 | D:3      | Found a faded altar of an unknown god.
  1870 | D:3      | Found a broken altar of Ashenzari.
  1884 | D:3      | Found a bloodstained altar of Trog.
  1992 | D:3      | Prayed at the altar of an unknown god.
  1992 | D:3      | Became a worshipper of the Shining One
  1992 | D:3      | Reached * piety under the Shining One
  2070 | D:4      | Reached skill level 5 in Unarmed Combat
  2102 | D:4      | Found a blossoming altar of Fedhas.
  2270 | D:4      | Found a staircase to the Ecumenical Temple.
  2283 | D:4      | Noticed a centaur
  2295 | D:4      | Killed a centaur
  2296 | D:4      | Reached skill level 6 in Unarmed Combat
  2296 | D:4      | Reached XP level 6. HP: 46/61 MP: 5/5
  2452 | D:4      | Noticed Edmund
  2459 | D:4      | Killed Edmund
  2805 | D:5      | Entered Level 5 of the Dungeon
  2820 | D:5      | Noticed a sky beast
  2831 | D:5      | Killed a sky beast
  2832 | D:5      | Reached skill level 7 in Unarmed Combat
  2832 | D:5      | Reached XP level 7. HP: 60/67 MP: 6/6
  2967 | D:5      | Reached skill level 8 in Unarmed Combat
  3220 | D:5      | Slain by an orc

Vanquished Creatures
  Edmund (D:4)
  A sky beast (D:5)
  A black bear (D:5)
  A centaur (D:4)
  A scorpion (D:5)
  A howler monkey (D:4)
  An orc priest (D:3)
  2 jellies
  2 iguanas (D:5)
  2 orc wizards (D:3)
  9 adders
  A dart slug (D:1)
  A ribbon worm (D:3)
  17 orcs
  3 ball pythons
  7 endoplasms
  2 giant cockroaches (D:3)
  7 goblins
  5 hobgoblins
  4 kobolds
  4 quokkas
  2 bats (D:2)
  3 frilled lizards
  2 rats (D:1)
80 creatures vanquished.
